 Dungeon Crawl Stone Soup version 0.20-a0-960-ge493e74 (webtiles) character file.

42 MrRokkomies the Skirmisher (level 3, -2/36 HPs)
             Began as a Ghoul Monk on Apr 7, 2017.
             Slain by a gnoll
             ... wielding a +0 halberd
              (7 damage)
             ... on level 2 of the Dungeon.
             The game lasted 00:02:27 (1122 turns).

MrRokkomies the Skirmisher (Ghoul Monk)             Turns: 1122, Time: 00:02:28

Health: -2/36      AC:  5    Str: 15    XL:     3   Next: 56%
Magic:  2/2        EV: 12    Int:  5    God:
Gold:   61         SH:  0    Dex: 11    Spells: 2/2 levels left

rFire    . . .     SeeInvis .     - Unarmed
rCold    + . .     Gourm    .   (no shield)
rNeg     + + +     Faith    .   f - +0 ring mail
rPois    ∞         Spirit   .   (no helmet)
rElec    .         Reflect  .   (no cloak)
rCorr    .         Harm     +   (no gloves)
MR       .....                  (no boots)
Stlth    ++........             e - amulet of harm
Regen    0.0/turn               (no ring)
MPRegen  0.1/turn               (no ring)

@: rotting, hasted, very quick
A: rotting body, claws 1, carnivore 3, cold resistance 1, negative energy
resistance 3, inhibited regeneration, torment resistance, unbreathing
a: no special abilities


You were on level 2 of the Dungeon.
You were not hungry.

You visited 1 branch of the dungeon, and saw 2 of its levels.

You collected 61 gold pieces.

Inventory:

Armour
 f - a +0 ring mail (worn)
Jewellery
 e - an amulet of harm (around neck)
Scrolls
 c - 3 scrolls of remove curse
 g - a scroll of teleportation
Potions
 a - a potion of haste
Comestibles
 b - a meat ration
 d - 4 chunks of flesh


   Skills:
 * Level 5.0 Fighting
 - Level 3.6 Dodging
 - Level 4.3 Stealth
 * Level 2.3 Unarmed Combat


You had 2 spell levels left.
You didn't know any spells.

Dungeon Overview and Level Annotations

Branches:
Dungeon (2/15)

Altars:


Innate Abilities, Weirdness & Mutations

Your body is rotting away.
You thrive on raw meat.
You are immune to poison.
You have sharp fingernails.
You are carnivorous and can eat meat at any time.
Your flesh is cold resistant. (rC+)
You are immune to negative energy. (rN+++)
You do not regenerate when monsters are visible.
You are immune to unholy pain and torment.
You can survive without breathing.


Message History

The gnoll hits you from afar with a halberd.
You scratch the gnoll but do no damage.
The gnoll is almost dead.
The gnoll hits you but does no damage.
You scratch the gnoll.
You kill the gnoll!
Your Fighting skill increases to level 5!
The gnoll hits you from afar with a halberd!
The gnoll hits you but does no damage.
Things that are here:
a club; a leather armour You scratch the gnoll.
The gnoll is moderately wounded.
The gnoll hits you but does no damage.
You scratch the gnoll.
The gnoll is heavily wounded.
The gnoll hits you from afar with an enchanted halberd!
* * * LOW HITPOINT WARNING * * *
The gnoll hits you with a halberd.
You die...

###### ###########
###....# #.........#
##.......
.........###........
........#.....†....
.).................
#.###..##.........
#.##..###.......(.
#@##.####......... $
######g##.#
#.......... ..
##..g..g...#
#.......... ...##
##..g.#######
#.........#
#...##...###
#.......... #.....##
###..........
....#...##
##............ .#
#...#
##....#........
#......#
#....###......#


You could see 2 gnolls.

Vanquished Creatures
  2 gnolls
  2 leopard geckos (D:2)
  4 giant cockroaches
  3 hobgoblins
  3 kobolds (D:1)
  2 bats (D:1)
  3 goblins
  2 rats (D:1)
21 creatures vanquished.

Notes
Turn   | Place    | Note
-------+----------+-------------------------------------------
     0 | D:1      | MrRokkomies the Ghoul Monk began the quest for the Orb.
     0 | D:1      | Reached XP level 1. HP: 22/22 MP: 0/0
   420 | D:1      | Reached skill level 1 in Unarmed Combat
   519 | D:1      | Reached XP level 2. HP: 13/27 MP: 1/1
   745 | D:2      | Found a faded altar of an unknown god.
   926 | D:2      | Reached XP level 3. HP: 30/34 MP: 2/2
  1119 | D:2      | Reached skill level 5 in Fighting
  1122 | D:2      | Slain by a gnoll

Vault maps used:
D:1:      evilmike_arrival_hilbert_curve
D:2:      chequers_ecumenical_altar_simple

Skill      XL: |  1  2  3 |
---------------+----------+-----
Unarmed Combat | 1 2 |  2.3
Fighting       | 5 |  5.0
Dodging        | |  3.6
Stealth        | |  4.3

Action                   || total
-------------------------++-------
Melee: Unarmed           ||    97
  Use: Scroll            ||     5
       Potion            ||     1
 Stab: Sleeping          ||     1
  Eat: Chunk             ||     4
Armor: Ring mail         ||    23
       Robe              ||     3
Dodge: Dodged            ||    70
